 Dungeon Crawl Stone Soup version 0.29.0-11-gd7f09526c8 (webtiles) character file.

Game seed: 11895667131189420479

754 SensoryNuts the Slasher (level 7, -2/53 HPs)
             Began as a Demonspawn Fighter on Sept 3, 2022.
             Killed by nerve-wracking pain
             ... invoked by an orc priest
              (14 damage)
             ... on level 6 of the Dungeon.
             The game lasted 00:05:24 (5650 turns).

SensoryNuts the Slasher (Demonspawn Fighter)        Turns: 5650, Time: 00:05:24

Health: -2/53      AC: 17    Str: 17    XL:     7   Next: 49%
Magic:  7/7        EV:  9    Int:  9    God:
Gold:   275        SH: 10    Dex: 14    Spells: 6/6 levels left

rFire   . . .      SeeInvis .   a - +1 long sword (protect)
rCold   . . .      Faith    .   c - +1 buckler
rNeg    . . .      Spirit   .   b - +0 scale mail
rPois   .          Reflect  .   (no helmet)
rElec   .          Harm     .   l - +0 cloak
rCorr   .          Rampage  .   (no gloves)
Will    .....                   (no boots)
Stlth   ..........              (no amulet)
HPRegen 0.17/turn               (no ring)
MPRegen 0.10/turn               (no ring)

@: under a protective aura
A: yellow scales 1, demonic guardian 1, condensation shield, weakness stinger 2
a: no special abilities


You were on level 6 of the Dungeon.
You visited 1 branch of the dungeon, and saw 7 of its levels.

You collected 275 gold pieces.

Inventory:

Hand Weapons
 a - a +1 long sword of protection (weapon)
Armour
 b - a +0 scale mail (worn)
 c - a +1 buckler (worn)
 l - a +0 cloak (worn)
Jewellery
 f - an amulet of guardian spirit
 g - a ring of willpower
 j - an amulet of reflection
 k - a ring of poison resistance
Scrolls
 d - a scroll of summoning {unknown}
 e - 6 scrolls of identify
 h - a scroll of teleportation
 p - a scroll of fear {unknown}
 q - a scroll of noise {unknown}
 r - a scroll of blinking {unknown}
Potions
 i - 3 potions of curing
 m - a potion of degeneration {unknown}
 o - 2 potions of brilliance


   Skills:
 + Level 3.8 Fighting
 * Level 6.2 Long Blades
 + Level 3.9 Armour
 + Level 1.0 Dodging
 + Level 0.6 Stealth
 + Level 3.7 Shields


You had 6 spell levels left.
You didn't know any spells.
Your spell library was empty.

Dungeon Overview and Level Annotations

Branches:
Dungeon (7/15)
 Temple: D:4-7

Altars:
Vehumet

Shops:
D:5 [*


Innate Abilities, Weirdness & Mutations

You are partially covered in yellow scales. (AC +2)
A weak demonic guardian rushes to your aid.
A meltable shield of frost defends you. (SH +4)
You have a tail ending in a sharp stinger.


Message History

Unknown command.
You are too injured to fight recklessly!
Unknown command.
You are too injured to fight recklessly!
Unknown command.
You feel much better.
Your white imp gestures at the orc priest.
The puff of frost hits the orc priest.
The orc priest hits you with a +0 flail.
The orc hits you but does no damage.
The orc priest hits you but does no damage.
You barely miss the orc priest. You tail-slap the orc priest.
The orc priest is lightly wounded.
Your white imp gestures at the orc priest.
The puff of frost hits the orc priest but does no damage.
You block the orc's attack.
The orc priest hits you with a +0 flail.
The orc priest hits you but does no damage.
You barely miss the orc priest.
Your white imp hits the orc priest.
Your white imp freezes the orc priest.
The orc priest hits you with a +0 flail!
The orc hits you with a +0 falchion.
The orc priest hits you but does no damage.
You hit the orc priest.
Your weapon exudes an aura of protection.
The orc priest is lightly wounded.
Your white imp hits the orc priest but does no damage.
The orc hits you but does no damage.
The orc priest mumbles some strange prayers to Beogh against you.
Beogh smites you!
* * * LOW HITPOINT WARNING * * *
You block the orc priest's attack.
You hit the orc priest.
The orc priest is moderately wounded.
Your white imp hits the orc priest but does no damage.
The orc priest hits your white imp with a +0 flail!
The orc barely misses you.
The orc priest invokes the aid of Beogh against you.
Pain shoots through your body!
You die...

##.## #.# #.# #.# ##
#.####.###### #..
#.##........# #...
#.#..#.#.#..#
##...#####...........#
.....5..##....#.#.#..#
......oo#####........#
.....{o@).# #.#.#.#..#
##...####.###........#
###. #...
#..###.#####.# .... ..
#............# .#.#.
.# #.#+#..#######
..... .# #.# #..#
.#.#.Y .# #.# #..#
.....Y###.###...# #..#
.#.#....>......## ##.#


You could see 2 orc priests, an orc and a friendly white imp (summoned).

Vanquished Creatures
  A yak (D:5)
  A water moccasin (D:5)
  A scorpion (D:5)
  2 hounds (D:5)
  An orc priest (D:6)
  A gnoll bouda (D:5)
  2 iguanas (D:5)
  An orc wizard (D:4)
  6 adders
  8 gnolls (D:5)
  An ufetubus (D:5)
  A worm (D:2)
  5 dart slugs
  6 orcs
  7 ball pythons
  2 endoplasms
  6 giant cockroaches
  7 goblins
  9 hobgoblins
  9 jackals
  7 quokkas
  8 bats
  A frilled lizard (D:3)
  9 kobolds
  5 rats
  4 bushes (D:3)
111 creatures vanquished.

Vanquished Creatures (others)
  A fungus (D:1)
  4 plants
5 creatures vanquished.

Grand Total: 116 creatures vanquished

Notes
Turn   | Place    | Note
-------+----------+-------------------------------------------
     0 | D:1      | SensoryNuts the Demonspawn Fighter began the quest for the
                  | Orb.
     0 | D:1      | Reached XP level 1. HP: 18/18 MP: 1/1
   143 | D:1      | Reached skill level 2 in Long Blades
   324 | D:1      | Gained mutation: You have a small tail. [demonic ancestry]
   324 | D:1      | Reached XP level 2. HP: 24/24 MP: 2/2
   460 | D:1      | Found a faded altar of an unknown god.
  1023 | D:1      | Gained mutation: You have a tail ending in a sharp stinger.
                  | [demonic ancestry]
  1023 | D:1      | Reached XP level 3. HP: 29/29 MP: 3/3
  1473 | D:2      | HP: 1/29 [ball python (3)]
  1635 | D:2      | Reached XP level 4. HP: 35/35 MP: 4/4
  2119 | D:3      | Reached skill level 3 in Long Blades
  2169 | D:3      | Found a radiant altar of Vehumet.
  3234 | D:4      | Gained mutation: A weak demonic guardian rushes to your
                  | aid. [demonic ancestry]
  3234 | D:4      | Reached XP level 5. HP: 20/41 MP: 5/5
  3464 | D:4      | Identified the +10 quarterstaff of Dismay {vamp, rPois rF-
                  | Str+2}
  4059 | D:5      | Entered Level 5 of the Dungeon
  4099 | D:5      | Reached skill level 4 in Long Blades
  4247 | D:5      | Gained mutation: You are partially covered in yellow
                  | scales. (AC +2) [demonic ancestry]
  4247 | D:5      | Reached XP level 6. HP: 44/47 MP: 6/6
  4276 | D:5      | Found Riud's Antique Armour Boutique.
  4293 | D:5      | You fall into a shaft and drop 2 floors!
  4324 | D:6      | Noticed a yak
  4324 | D:6      | Noticed a yak
  4325 | D:6      | Noticed a yak
  4326 | D:6      | Noticed a yak
  4341 | D:5      | Killed a yak
  4342 | D:5      | Reached skill level 5 in Long Blades
  4639 | D:5      | Noticed a water moccasin
  4653 | D:5      | Killed a water moccasin
  4654 | D:5      | Gained mutation: A meltable shield of frost defends you.
                  | (SH +4) [demonic ancestry]
  4654 | D:5      | Reached XP level 7. HP: 34/52 MP: 7/7
  4877 | D:5      | Reached skill level 6 in Long Blades
  5083 | D:5      | Found Omudioh's General Store.
  5644 | D:6      | Reached skill level 1 in Dodging
  5650 | D:6      | Killed from afar by an orc priest

Illustrated notes

Levels and vault maps discovered:
D:1:      zaba_arrival_water, layout_loops_ring,
          dreamdust_ecumenical_altar_grove
D:2:      layout_basic, fountainhead, minmay_tree_intersection
D:3:      layout_basic, nicolae_vehumet_altar_sigil, serial_forest,
          infiniplex_forest_clump_curved, infiniplex_forest_straight_5,
          infiniplex_forest_lined_room_, infiniplex_forest_clump_large,
          infiniplex_forest_corner_1, infiniplex_forest_lined_1,
          infiniplex_forest_straight_2, infiniplex_forest_lined_2,
          minmay_close_crescents
D:4:      layout_cave_pools, tso_altar, hangedman_decor_peaks_small,
          feat_on_display
D:5:      layout_loops_ring, serial_shops, nicolae_square_shop,
          kennysheep_little_box, nicolae_underground_beach
D:6:      layout_loops_ring, mainiacjoe_overflow_paths,
          mainiacjoe_overflow_surrounded_room, temple_hall, serial_glass,
          glass_columns_b, glass_columns_b, minivault_1
D:7:      layout_gridville, mainiacjoe_overflow_six_doors_small,
          old_standard_altar, mainiacjoe_overflow_brackets,
          minmay_misc_feat_doors, uniq_pikel

Skill      XL: |  1  2  3  4  5  6  7 |
---------------+----------------------+-----
Long Blades    | 2 3 4 5 6 |  6.2
Armour         | 3 |  3.9
Shields        | 3 |  3.7
Dodging        | 1 |  1.0
Fighting       | |  3.8
Stealth        | |  0.6

Action                   |  1- 3 |  4- 6 |  7- 9 || total
-------------------------+-------+-------+-------++-------
Melee: Long sword        |   119 |   478 |    65 ||   662
       Tailslap          |     9 |    90 |     7 ||   106
  Use: Scroll            |     1 |    12 |       ||    13
       Potion            |     1 |     1 |     3 ||     5
Armor: Scale mail        |    74 |   121 |    28 ||   223
Dodge: Dodged            |    50 |   105 |    20 ||   175
Block: Buckler           |    33 |    58 |    33 ||   124
